 Dungeon Crawl Stone Soup version 0.28.0-1-gb440e238dd (webtiles) character file.

Game seed: 13697758276814519992

6081 fknight the Basher (level 11, -6/81 HPs)
             Began as a Human Fighter on Feb 19, 2022.
             Was a High Priest of Cheibriados.
             Mangled by a boulder beetle (14 damage)
             ... on level 9 of the Dungeon.
             The game lasted 01:22:16 (10473 turns).

fknight the Basher (Human Fighter)                 Turns: 10473, Time: 01:22:17

Health: -6/81      AC: 23    Str: 28    XL:     11   Next: 12%
Magic:  11/11      EV: 10    Int: 20    God:    Cheibriados [*****.]
Gold:   145        SH: 10    Dex: 25    Spells: 10/10 levels left

rFire   . . .      SeeInvis +   D - +5 mace "Xyomet" {vorpal, rElec rPois rC- Str-5}
rCold   x . .      Faith    .   d - +3 warlock's mirror {reflect}
rNeg    . . .      Spirit   .   b - +1 plate armour
rPois   +          Reflect  +   r - +1 helmet
rElec   +          Harm     .   B - +1 cloak {Will+}
rCorr   .          Rampage  .   e - +1 pair of gloves
Will    ++...                   A - +0 pair of boots
Stlth   ..........              (no amulet)
HPRegen 0.23/turn               N - ring of willpower
MPRegen 0.12/turn               O - ring of see invisible

@: mighty, very slow
A: no striking features
a: Renounce Religion, Bend Time, Temporal Distortion, Slouch, Step From Time


You were on level 9 of the Dungeon.
You worshipped Cheibriados.
Cheibriados was extremely pleased with you.
You visited 2 branches of the dungeon, and saw 10 of its levels.
You also visited: Sewer and Ossuary.

You collected 589 gold pieces.
You spent 444 gold pieces at shops.

Inventory:

Hand Weapons
 f - a +1 trident
 j - a +1 vorpal dagger
 m - a +2 halberd
 p - a +1 falchion
 v - a +4 flail
 D - the +5 mace "Xyomet" (weapon) {vorpal, rElec rPois rC- Str-5}
   (You found it on level 3 of the Dungeon)

   It inflicts extra damage upon your enemies.
   Str:       It affects your strength (-5).
   rC:        It makes you vulnerable to cold.
   rElec:     It insulates you from electricity.
   rPois:     It protects you from poison.
 G - a +4 short sword
 H - a +1 spear
 P - a +2 mace of draining
 U - a +2 trident
 X - a +3 halberd
Missiles
 c - 5 boomerangs of dispersal
 t - 166 stones
 F - 6 atropa-tipped darts
 I - 4 javelins
 Q - 2 boomerangs (quivered)
 R - a throwing net
 S - 29 poisoned darts
Armour
 b - a +1 plate armour (worn)
 d - the +3 warlock's mirror (worn) {reflect}
   (You acquired it on level 6 of the Dungeon)

   It can block and reflect piercing ranged attacks and magical attacks against
   the wielder's willpower.
 e - a +1 pair of gloves (worn)
 g - a scarf of invisibility
 r - a +1 helmet (worn)
 x - a +0 troll leather armour {Pargi}
 y - +0 steam dragon scales
 A - a +0 pair of boots (worn)
 B - a +1 cloak of willpower (worn)
Magical Staves
 h - a staff of cold
 J - a staff of conjuration
Jewellery
 a - a ring of flight
 k - a +6 ring of intelligence
 K - an amulet of faith
 N - a ring of willpower (left hand)
 O - a ring of see invisible (right hand)
Wands
 Y - a wand of iceblast (17)
 Z - a wand of digging (7)
Scrolls
 l - a scroll of amnesia {unknown}
 n - 3 scrolls of teleportation
 o - a scroll of fear {unknown}
 q - 2 scrolls of magic mapping
 E - a scroll of fog {unknown}
 V - a scroll of blinking {unknown}
Potions
 i - a potion of ambrosia
 s - 4 potions of brilliance
 u - a potion of resistance {unknown}
 C - 4 potions of haste
 L - a potion of might
 M - a potion of lignification {unknown}
 T - a potion of attraction {unknown}
 W - 5 potions of flight


   Skills:
 + Level 6.2 Fighting
 + Level 2.1(2.9) Short Blades
 + Level 2.9(3.3) Long Blades
 + Level 9.3 Maces & Flails
 + Level 1.0 Throwing
 + Level 8.5 Armour
 + Level 3.8 Dodging
 + Level 0.9 Stealth
 + Level 7.4 Shields


You had 10 spell levels left.
You didn't know any spells.
Your spell library contained the following spells:

 Spells                   Type           Power      Damage    Failure   Level
 Animate Skeleton         Necr           0%         N/A       91%         1
 Apportation              Tloc           0%         N/A       91%         1
 Summon Small Mammal      Summ           0%         N/A       91%         1
 Blink                    Tloc           0%         N/A       97%         2
 Ensorcelled Hibernation  Hex/Ice        0%         N/A       97%         2
 Passwall                 Tmut/Erth      0%         N/A       97%         2
 Static Discharge         Conj/Air       0%         N/A       97%         2
 Lesser Beckoning         Tloc           0%         N/A       100%        3
 Swiftness                Air            0%         N/A       100%        3
 Dispel Undead            Necr           0%         3d6       100%        4
 Sticky Flame             Conj/Fire      0%         2d3       100%        4
 Manifold Assault         Tloc           0%         N/A       100%        5
 Dispersal                Tloc           0%         N/A       100%        6
 Disjunction              Tloc           0%         N/A       100%        8


Dungeon Overview and Level Annotations

Branches:
Dungeon (9/15)             Temple (1/1) D:4           Sewer (visited)
Ossuary (visited)
   Lair: D:8-11         Orc: D:9-12

Altars:
Ashenzari
Cheibriados
Dithmenos
Elyvilon
Fedhas
Gozag
Hepliaklqana
Kikubaaqudgha
Makhleb
Okawaru
Qazlal
Ru
Sif Muna
Trog
Uskayaw
Vehumet
Wu Jian
Xom
Yredelemnul
Zin
The Shining One

Shops:
D:6 (   D:8 *


Message History

The boulder beetle is lightly wounded.
The boulder beetle bites you!
You completely miss the boulder beetle.
The boulder beetle is lightly wounded.
The boulder beetle barely misses you.
You sock the boulder beetle!
The boulder beetle is moderately wounded.
The boulder beetle bites you!!
* * * LOW HITPOINT WARNING * * *
You feel better. The boulder beetle barely misses you.
You feel very mighty all of a sudden.
The boulder beetle bites you but does no damage.
You barely miss the boulder beetle.
The boulder beetle is moderately wounded.
The boulder beetle bites you.
* * * LOW HITPOINT WARNING * * *
You hit the boulder beetle but do no damage.
The boulder beetle is moderately wounded.
The boulder beetle leaps!
You hit the boulder beetle but do no damage.
The boulder beetle is moderately wounded.
The boulder beetle bites you but does no damage.
You hit the boulder beetle.
The boulder beetle is moderately wounded.
The boulder beetle bites you but does no damage.
You barely miss the boulder beetle.
The boulder beetle is moderately wounded.
The boulder beetle bites you but does no damage.
You sock the boulder beetle!
The boulder beetle is heavily wounded.
The boulder beetle bites you.
* * * LOW HITPOINT WARNING * * *
You hit the boulder beetle but do no damage.
The boulder beetle is heavily wounded.
The boulder beetle bites you!
* * * LOW HITPOINT WARNING * * *
You sock the boulder beetle!
The boulder beetle is severely wounded.
The boulder beetle bites you!
You die...

#. #. #. #. ###
#. #.. #. # #.#
#. #. #.# ##
#..#@########.###
#....B...........
##.#.####.######.
#.#.####.#### #
#.#.<.....#
#.#.#.......#
#.#.#.......###.#
#.............#.#
###.#.......#.#.#


You could see a boulder beetle.

Vanquished Creatures
  2 two-headed ogres
  A hornet (D:7)
  3 slime creatures (D:7)
  6 yaks (D:9)
  A steam dragon (D:7)
  Pargi (Sewer)
  2 orc warriors
  A black bear (D:5)
  A centaur (D:9)
  2 necrophages
  An ogre (D:5)
  A phantom (D:7)
  2 kobold brigands
  2 bullfrogs
  A gnoll sergeant (D:8)
  2 scorpions
  3 killer bees (D:8)
  11 wights (D:8)
  6 electric eels (D:8)
  A howler monkey (D:5)
  4 centaur zombies
  2 orc priests
  3 hounds
  2 human zombies (Ossuary)
  2 bullfrog skeletons
  A centaur skeleton (D:5)
  A jelly (D:6)
  3 iguanas (D:5)
  Terence (D:3)
  2 orc wizards
  A killer bee zombie (D:8)
  A hound zombie (D:5)
  A hound skeleton (D:4)
  3 mummies (Ossuary)
  2 howler monkey zombies
  3 gnolls (D:8)
  6 adders
  A white imp (D:6)
  A worm (D:2)
  3 dart slugs
  40 orcs
  6 endoplasms
  5 giant cockroaches
  13 goblins
  3 hobgoblins
  2 jackals (D:4)
  6 quokkas
  3 training dummies (D:6)
  10 ball pythons
  9 bats
  4 frilled lizards
  A goblin zombie (Ossuary)
  2 jackal zombies (D:5)
  15 kobolds
  A kobold zombie (Ossuary)
  3 orc zombies (Ossuary)
  8 rats
224 creatures vanquished.

Vanquished Creatures (others)
  An orc wizard (D:8)
  33 plants (D:8)
34 creatures vanquished.

Grand Total: 258 creatures vanquished

Notes
Turn   | Place    | Note
-------+----------+-------------------------------------------
     0 | D:1      | fknight the Human Fighter began the quest for the Orb.
     0 | D:1      | Reached XP level 1. HP: 18/18 MP: 1/1
    93 | D:1      | Reached XP level 2. HP: 24/24 MP: 2/2
   398 | D:1      | Reached XP level 3. HP: 24/29 MP: 3/3
  1314 | D:2      | Reached XP level 4. HP: 35/35 MP: 4/4
  1798 | D:3      | Identified the +5 mace "Xyomet" {vorpal, rElec rPois rC-
                  | Str-5}
  1910 | D:2      | Reached skill level 1 in Short Blades
  1910 | D:2      | Reached XP level 5. HP: 19/40 MP: 5/5
  2401 | D:3      | Reached skill level 1 in Dodging
  2604 | D:3      | Found a faded altar of an unknown god.
  2615 | D:3      | Prayed at the altar of an unknown god.
  2615 | D:3      | Became a worshipper of Cheibriados the Contemplative
  2615 | D:3      | Reached * piety under Cheibriados
  2666 | D:3      | Noticed Terence
  2685 | D:3      | Killed Terence
  3009 | D:4      | Reached skill level 1 in Maces & Flails
  3009 | D:4      | Reached XP level 6. HP: 28/48 MP: 6/6
  3124 | D:4      | Found a glowing drain.
  3153 | Sewer    | Entered a sewer
  3177 | Sewer    | Noticed Pargi
  3186 | Sewer    | Killed Pargi
  3289 | D:4      | Found a staircase to the Ecumenical Temple.
  3301 | D:4      | Reached skill level 2 in Maces & Flails
  3301 | D:4      | Reached XP level 7. HP: 53/53 MP: 7/7
  3307 | Temple   | Entered the Ecumenical Temple
  4074 | D:4      | Reached ** piety under Cheibriados
  4401 | D:5      | Entered Level 5 of the Dungeon
  4499 | D:5      | Reached skill level 3 in Maces & Flails
  4586 | D:5      | Reached XP level 8. HP: 60/60 MP: 8/8
  4661 | D:5      | Reached skill level 5 in Armour
  4732 | D:5      | Reached *** piety under Cheibriados
  4733 | D:5      | Reached skill level 4 in Maces & Flails
  4781 | D:5      | Found a sand-covered staircase.
  4791 | Ossuary  | Entered an ossuary
  5003 | Ossuary  | Reached skill level 5 in Maces & Flails
  5610 | D:6      | You fall into a shaft and drop 2 floors!
  5616 | D:8      | Found Debeyxewk's General Store.
  5750 | D:8      | Reached XP level 9. HP: 57/66 MP: 9/9
  5771 | D:8      | Bought a scroll of identify for 32 gold pieces
  5771 | D:8      | Bought a +1 cloak of willpower for 264 gold pieces
  5789 | D:8      | Upgraded the game from 0.28.0 to 0.28.0-1-gb440e238dd
  5850 | D:8      | Reached skill level 5 in Shields
  5872 | D:8      | Reached skill level 6 in Maces & Flails
  5902 | D:8      | Reached skill level 5 in Fighting
  6200 | D:8      | Reached **** piety under Cheibriados
  7433 | D:7      | Noticed a hornet
  7448 | D:7      | Killed a hornet
  7449 | D:7      | Reached skill level 7 in Maces & Flails
  7754 | D:7      | Noticed a two-headed ogre
  7764 | D:7      | Killed a two-headed ogre
  7765 | D:7      | Reached XP level 10. HP: 44/75 MP: 10/10
  7780 | D:7      | Reached ***** piety under Cheibriados
  8165 | D:7      | Reached skill level 8 in Maces & Flails
  8190 | D:7      | HP: 5/114 [slime creature (6)]
  8193 | D:7      | Reached skill level 1 in Throwing
  8907 | D:6      | Identified a scroll of acquirement
  8907 | D:6      | Acquired the +3 warlock's mirror {reflect}
  8907 | D:6      | Found the +3 warlock's mirror {reflect}
  8967 | D:6      | Identified the +2 robe of the Snail {Str+3 Archmagi}
  9101 | D:6      | Found Naaby's Firing Range.
  9148 | D:6      | Bought 2 poisoned darts for 10 gold pieces
  9148 | D:6      | Bought 4 javelins for 41 gold pieces
  9148 | D:6      | Bought 5 boomerangs of dispersal for 97 gold pieces
 10027 | D:9      | Noticed a two-headed ogre
 10039 | D:9      | Killed a two-headed ogre
 10389 | D:9      | Reached XP level 11. HP: 66/81 MP: 11/11
 10404 | D:9      | Reached skill level 9 in Maces & Flails
 10451 | D:9      | Noticed a boulder beetle
 10473 | D:9      | Mangled by a boulder beetle

Illustrated notes

Levels and vault maps discovered:
D:1:      dpeg_arrival_simpleton_c, layout_loops_ring
D:2:      layout_rooms
D:3:      layout_basic, ebering_ecumenical_altar_abandoned,
          minmay_fractal_squares_diagonal_5, uniq_terence
D:4:      layout_loops_ring, minmay_temple_entry_butterflies,
          cheibrodos_sewer_entry_drain, corexii_shack
D:5:      layout_rooms, enter_ossuary_3
D:6:      layout_basic, nicolae_shop_firing_range
D:7:      layout_gridville, minmay_misc_feat_pillars
D:8:      layout_basic, enter_bailey_3, serial_bayou, serial_bayou_shore_a,
          serial_bayou_crossing, serial_bayou_pond_c, serial_bayou_pond_e,
          serial_bayou_shore_b, serial_bayou_ford_a, serial_shops,
          nicolae_inconvenience_store
D:9:      layout_loops_ring, serial_shops, shop, kennysheep_flooded_box
Temple:   mainiacjoe_temple_circle_huts

Skill      XL: |  1  2  3  4  5  6  7  8  9 10 11 |
---------------+----------------------------------+-----
Short Blades   | 1 2 |  2.1
Dodging        | 1 2 3 |  3.8
Maces & Flails | 1 2 3 5 7 8 9 |  9.3
Armour         | 4 5 7 8 |  8.5
Shields        | 4 6 7 |  7.4
Fighting       | 4 5 6 |  6.2
Throwing       | 1 |  1.0
Long Blades    | |  2.9
Stealth        | |  0.9

Action                   |  1- 3 |  4- 6 |  7- 9 | 10-12 || total
-------------------------+-------+-------+-------+-------++-------
Melee: Long sword        |    20 |       |       |       ||    20
       Dagger            |   121 |    70 |       |       ||   191
       Mace              |       |    73 |   340 |   166 ||   579
Throw: Stone             |       |     5 |    10 |       ||    15
       Boomerang         |       |       |     2 |       ||     2
  Use: Scroll            |     3 |     1 |     5 |     5 ||    14
       Potion            |       |     4 |    11 |     6 ||    21
Armor: Scale mail        |    72 |   114 |     4 |       ||   190
       Chain mail        |       |       |   223 |    37 ||   260
       Plate armour      |       |       |       |    36 ||    36
Dodge: Dodged            |    71 |    76 |   177 |    66 ||   390
Block: Buckler           |    31 |    49 |   142 |    59 ||   281
       Reflection        |       |       |       |     2 ||     2
